 Dungeon Crawl Stone Soup version 0.21-a0-591-g2314aa1 (webtiles) character file.

7713 Amnesiac the Destroyer (level 11, -5/58 HPs)
             Began as a Deep Elf Ice Elementalist on Dec 22, 2017.
             Was a Priest of Vehumet.
             Slain by a meliai
             ... wielding a +2 war axe of chopping
              (10 damage)
             ... on level 13 of the Dungeon.
             The game lasted 00:25:06 (11485 turns).

Amnesiac the Destroyer (Deep Elf Ice Elementalist) Turns: 11485, Time: 00:25:07

Health: -5/58      AC: 15    Str:  5    XL:     11   Next: 0%
Magic:  0/40       EV: 14    Int: 24    God:    Vehumet [***...]
Gold:   641        SH:  0    Dex: 15    Spells: 15/27 levels left

rFire    + . .     SeeInvis .   a - staff of power
rCold    + + .     Gourm    .   (no shield)
rNeg     . . .     Faith    .   j - +3 leather armour {rC+}
rPois    .         Spirit   +   C - +2 hat
rElec    .         Reflect  .   v - +0 cloak
rCorr    .         Harm     .   F - +0 pair of gloves
MR       +....                  H - +2 pair of boots
Stlth    ++........             A - amulet of guardian spirit
HPRegen  0.19/turn              d - ring of protection from cold
MPRegen  0.27/turn              D - +2 ring of protection

@: no status effects
A: beak, repulsion field 1, fire resistance 1
a: Renounce Religion


You were on level 13 of the Dungeon.
You worshipped Vehumet.
Vehumet was most pleased with you.
You were very hungry.

You visited 1 branch of the dungeon, and saw 13 of its levels.
You also visited: Sewer.

You collected 641 gold pieces.

Inventory:

Hand Weapons
 N - the +5 war axe "Jellybane" {chop, rC+ Int+4, unknown}
   (You found it on level 10 of the Dungeon)

   It inflicts extra damage upon your enemies.
   It affects your intelligence (+4).
   It protects you from cold.
Missiles
 t - 7 curare-tipped needles
 w - 79 poisoned needles
 M - 3 needles of sleeping
Armour
 j - a +3 leather armour of cold resistance (worn)
 n - a +2 shield
 v - a +0 cloak (worn)
 C - a +2 hat (worn)
 F - a +0 pair of gloves (worn)
 H - a +2 pair of boots (worn)
Magical Staves
 a - an uncursed staff of power (weapon)
 b - an uncursed staff of cold
 p - an uncursed staff of conjuration
Jewellery
 d - a ring of protection from cold (left hand)
 A - an amulet of guardian spirit (around neck)
 D - a +2 ring of protection (right hand)
Wands
 g - a wand of iceblast (22)
 I - a wand of random effects (32)
 L - a wand of acid (5)
 O - a wand of enslavement (10)
 Q - a wand of digging (18)
Scrolls
 e - 12 scrolls of remove curse {!r, unknown}
 h - a scroll of enchant armour {!r, unknown}
 k - 8 scrolls of identify {!r, unknown}
 o - 2 scrolls of fear {!r, unknown}
 q - 4 scrolls of immolation {!r, unknown}
 s - 3 scrolls of amnesia {!r, unknown}
 u - a scroll of holy word {!r, unknown}
 y - 5 scrolls of enchant weapon {!r, unknown}
 E - 3 scrolls of teleportation {!r, unknown}
 J - 2 scrolls of blinking {!r, unknown}
 P - a scroll of fog {!r, unknown}
Potions
 f - 4 potions of heal wounds {!q}
 i - 3 potions of curing {!q}
 l - 2 potions of lignification {!q}
 m - 4 potions of berserk rage {!q, unknown}
 r - 3 potions of agility {!q, unknown}
 x - 8 potions of flight {!q, unknown}
 z - 3 potions of mutation {!q}
 B - 2 potions of brilliance {!q, unknown}
 G - a potion of might {!q}
 K - 2 potions of haste {!q, unknown}
Books
 R - a book of Callings

   Spells                             Type                      Level
   a - Summon Small Mammal            Summoning                    1
   b - Call Imp                       Summoning                    2
   c - Call Canine Familiar           Summoning                    3
   d - Summon Guardian Golem          Hexes/Summoning              3
   e - Summon Lightning Spire         Summoning/Air                4
   f - Summon Ice Beast               Ice/Summoning                4
Comestibles
 c - 20 rations


   Skills:
 - Level 2.4 Fighting
 - Level 4.0 Staves
 - Level 2.4 Dodging
 - Level 2.4 Stealth
 - Level 8.5 Spellcasting
 - Level 10.0 Conjurations
 - Level 10.0 Ice Magic
 + Level 8.9 Evocations


You had 15 spell levels left.
You knew the following spells:

 Your Spells              Type           Power        Failure   Level  Hunger
a - Throw Icicle          Conj/Ice       ######..     1%          4    ##.....
b - Ozocubu's Armour      Chrm/Ice       ####....     3%          3    None
c - Summon Ice Beast      Ice/Summ       ####....     13%         4    ##.....
d - Freeze                Ice            ####         1%          1    None


Dungeon Overview and Level Annotations

Branches:
Dungeon (13/15)            Temple (0/1) D:5            Lair (0/6) D:10
    Orc: D:9-12      Vaults: D:13-14

Altars:
Ashenzari
Dithmenos
Fedhas
Kikubaaqudgha
Makhleb
Nemelex Xobeh
Okawaru
Qazlal
Ru
Sif Muna
Trog
Vehumet
Wu Jian
Xom
Yredelemnul

Annotations:
D:12 Kirke


Innate Abilities, Weirdness & Mutations

You have a beak for a mouth.
You are surrounded by a mild repulsion field. (EV +2)
Your flesh is heat resistant. (rF+)


Message History

Aiming: Throw Icicle
Press: ? - help, Shift-Dir - straight line, f/p - meliai
Aim: a meliai, wielding a hand axe and wearing a leather armour (severely wounded)
The shard of ice misses the meliai.
The shard of ice hits the meliai.
You kill the meliai!
Vehumet accepts your kill.
You feel your power returning.
You hear an angry buzzing noise.
The meliai barely misses you.
The meliai closely misses your ice beast.
The meliai misses you. The meliai hits you but does no damage.
The meliai closely misses your ice beast.
The meliai stings you but does no damage.
Your ice beast freezes the meliai!
The meliai dies!
Vehumet accepts your kill.
You have reached level 11!
A meliai comes into view. It is wielding a war axe of chopping.
The meliai buzzes angrily.
The meliai hits you with a war axe of chopping.
The meliai closely misses you.
Things that are here:
a hand axe; a leather armour; a meliai corpse
Casting: Throw Icicle
Confirm with . or Enter, or press ? or * to list all spells.
Aiming: Throw Icicle
Press: ? - help, Shift-Dir - straight line, f - meliai
Aim: a meliai, wielding a war axe of chopping and wearing a leather armour The shard of ice hits the meliai.
The meliai is heavily wounded.
The meliai hits you with a war axe of chopping!!
The meliai closely misses you.
The meliai hits you with a war axe of chopping!
* * * LOW HITPOINT WARNING * * *
x2 The meliai closely misses you.
Casting: Throw Icicle
Confirm with . or Enter, or press ? or * to list all spells.
Aiming: Throw Icicle
Press: ? - help, Shift-Dir - straight line, f/p - meliai
Aim: a meliai, wielding a war axe of chopping and wearing a leather armour (heavily wounded)
The shard of ice misses the meliai.
The meliai closely misses you.
The meliai barely misses your ice beast.
The meliai stings you.
* * * LOW HITPOINT WARNING * * *
The meliai hits you with a war axe of chopping!
* * * LOW HITPOINT WARNING * * *
x2 The meliai hits your ice beast with a war axe of chopping!
The meliai stings you but does no damage.
Casting: Throw Icicle
Confirm with . or Enter, or press ? or * to list all spells.
You don't have enough magic to cast that spell.
Casting: Throw Icicle
Confirm with . or Enter, or press ? or * to list all spells.
Aiming: Freeze
Press: ? - help, Shift-Dir - straight line, f/p - meliai
Aim: a meliai, wielding a war axe of chopping and wearing a leather armour (heavily wounded)
You freeze the meliai.
The meliai is almost dead.
The meliai hits you with a war axe of chopping!
* * * LOW HITPOINT WARNING * * *
x2 The meliai hits your ice beast with a war axe of chopping.
The meliai stings you but does no damage.
The meliai hits you with a war axe of chopping!
You die...

#
###################
.
..........y@.......
#..#######Y<.......
#.)####### #..#
#..# #..# #..# #..#
#..#


You could see a meliai and a friendly ice beast.

Vanquished Creatures
  A two-headed ogre (D:10)
  Joseph (D:7)
  A komodo dragon (D:10)
  A meliai (D:13)
  Grinder (D:3)
  A slime creature (D:12)
  2 hippogriffs
  Sigmund (D:2)
  3 hogs (D:12)
  2 hungry ghosts
  Menkaure (D:5)
  A soldier ant (D:10)
  The ghost of Squigly the Covert, an amateur SpAs (D:3)
  4 ice beasts
  An orc warrior (D:6)
  2 sky beasts
  A black bear (D:9)
  A phantom (D:3)
  3 centaurs
  An ogre (D:8)
  3 big kobolds
  2 bullfrogs (D:7)
  A gnoll sergeant (D:8)
  A scorpion (D:8)
  13 killer bees
  The ghost of p0werm0de the Skirmisher, a weakling GrCK of Xom (D:4)
  A howler monkey (D:12)
  4 crimson imps
  A quasit (D:9)
  3 bullfrog zombies
  5 hounds
  5 jellies
  2 bullfrog skeletons
  4 orc priests
  2 gnoll shamans
  5 orc wizards
  5 iguanas
  Ijyb (D:4)
  6 worker ants
  A killer bee zombie (D:5)
  A hound zombie (D:8)
  A hound skeleton (D:3)
  13 adders
  25 gnolls
  6 river rats (Sewer)
  4 shadow imps
  8 oozes
  An adder skeleton (D:3)
  3 worms
  2 dart slugs
  8 leopard geckos
  31 orcs
  9 ball pythons
  11 giant cockroaches
  10 goblins
  10 hobgoblins
  6 jackals
  5 quokkas
  7 bats
  5 frilled lizards
  A giant cockroach zombie (D:3)
  A jackal skeleton (D:3)
  33 kobolds
  A leopard gecko zombie (D:7)
  A quokka skeleton (D:9)
  28 rats
327 creatures vanquished.

Vanquished Creatures (collateral kills)
  A meliai (D:13)
  A hornet zombie (D:10)
  A worker ant (D:3)
3 creatures vanquished.

Vanquished Creatures (others)
  2 plants
2 creatures vanquished.

Grand Total: 332 creatures vanquished

Notes
Turn   | Place    | Note
-------+----------+-------------------------------------------
     0 | D:1      | Amnesiac the Deep Elf Ice Elementalist began the quest for the Orb.
     0 | D:1      | Reached XP level 1. HP: 10/10 MP: 6/6
   135 | D:1      | Reached XP level 2. HP: 9/15 MP: 5/8
   926 | D:1      | Reached XP level 3. HP: 19/19 MP: 7/9
   931 | D:1      | Learned a level 3 spell: Ozocubu's Armour
  1154 | D:1      | Reached skill level 5 in Ice Magic
  1275 | D:1      | Reached XP level 4. HP: 11/24 MP: 0/10
  1284 | D:1      | Learned a level 4 spell: Throw Icicle
  1493 | D:2      | Found a stormy altar of Qazlal.
  1913 | D:2      | Found an iron altar of Okawaru.
  2115 | D:2      | Found a deep blue altar of Sif Muna.
  2118 | D:2      | Noticed Sigmund
  2139 | D:3      | Noticed Grinder
  2141 | D:3      | Noticed Ijyb
  2154 | D:3      | Paralysed by Grinder for 3 turns
  2166 | D:4      | Found a shadowy altar of Dithmenos.
  2179 | D:4      | Reached XP level 5. HP: 17/28 MP: 1/11
  2206 | D:4      | Killed Ijyb
  2518 | D:3      | Reached XP level 6. HP: 26/32 MP: 0/12
  2595 | D:3      | Noticed Squigly's ghost (amateur SpAs)
  2737 | D:3      | Found a glowing drain.
  2748 | Sewer    | Entered a sewer
  3467 | Sewer    | Reached XP level 7. HP: 25/36 MP: 4/13
  4140 | D:3      | Killed Squigly's ghost
  4140 | D:3      | Reached skill level 5 in Conjurations
  4366 | D:2      | Killed Sigmund
  4408 | D:3      | Learned a level 4 spell: Summon Ice Beast
  4418 | D:3      | Reached XP level 8. HP: 40/41 MP: 0/14
  4542 | D:4      | Found a radiant altar of Vehumet.
  4557 | D:4      | Found a sparkling altar of Nemelex Xobeh.
  4613 | D:4      | Became a worshipper of Vehumet
  4618 | D:4      | Noticed p0werm0de's ghost (weakling GrCK)
  4638 | D:3      | Gained mutation: You are surrounded by a mild repulsion field. (EV +2) [potion of mutation]
  4638 | D:3      | Gained mutation: Your flesh is heat resistant. (rF+) [potion of mutation]
  4638 | D:3      | Gained mutation: You have a beak for a mouth. [potion of mutation]
  4669 | D:3      | Killed Grinder
  4809 | D:4      | Found a sacrificial altar of Ru.
  5152 | D:5      | Entered Level 5 of the Dungeon
  5160 | D:5      | Reached skill level 5 in Spellcasting
  5431 | D:5      | Found a transporter.
  5431 | D:5      | Found a basalt altar of Yredelemnul.
  5433 | D:5      | Found a transporter.
  5644 | D:4      | Killed p0werm0de's ghost
  5869 | D:5      | Found an ancient bone altar of Kikubaaqudgha.
  5873 | D:5      | Noticed Menkaure
  5897 | D:5      | Found a staircase to the Ecumenical Temple.
  5908 | D:5      | Reached * piety under Vehumet
  5908 | D:5      | Offered knowledge of Shock by Vehumet.
  5994 | D:5      | Found a burning altar of Makhleb.
  6143 | D:5      | Reached skill level 1 in Fighting
  6363 | D:5      | Killed Menkaure
  6363 | D:5      | Reached XP level 9. HP: 47/47 MP: 8/21
  6428 | D:6      | Found a sparkling altar of Nemelex Xobeh.
  6668 | D:6      | Found a shattered altar of Ashenzari.
  6830 | D:6      | You fall through a shaft for 3 floors!
  7536 | D:6      | Found a shimmering altar of Xom.
  7747 | D:7      | Reached ** piety under Vehumet
  7955 | D:7      | Offered knowledge of Sandblast by Vehumet.
  8328 | D:7      | Noticed Joseph
  8376 | D:7      | Killed Joseph
  8376 | D:7      | Reached skill level 10 in Conjurations
  8783 | D:7      | Reached skill level 10 in Ice Magic
  8823 | D:8      | Found an ornate altar of the Wu Jian Council.
  8845 | D:8      | Reached skill level 1 in Staves
  8845 | D:8      | Reached XP level 10. HP: 54/54 MP: 9/24
  9396 | D:8      | Found a blossoming altar of Fedhas.
  9492 | D:9      | Found a bloodstained altar of Trog.
  9512 | D:9      | Found a sacrificial altar of Ru.
  9524 | D:9      | Offered knowledge of Dazzling Spray by Vehumet.
  9879 | D:9      | Reached *** piety under Vehumet
  9879 | D:9      | Reached skill level 1 in Evocations
 10031 | D:10     | Entered Level 10 of the Dungeon
 10663 | D:10     | Noticed a two-headed ogre
 10669 | D:10     | Killed a two-headed ogre
 10669 | D:10     | Offered knowledge of Fulminant Prism by Vehumet.
 10774 | D:10     | Got a slimy war axe
 11065 | D:10     | Found a staircase to the Lair.
 11156 | D:11     | You fall through a shaft for 2 floors!
 11163 | D:13     | Noticed a skeletal warrior
 11163 | D:13     | Noticed a skeletal warrior
 11357 | D:12     | Noticed Kirke
 11480 | D:13     | Reached XP level 11. HP: 54/58 MP: 23/25
 11485 | D:13     | Slain by a meliai

Vault maps used:
D:1:      lemuel_arrival_rhombus, lexackson_kobold_supper
D:2:      nicolae_overflow_hidden_temple, lemuel_coloured_pillars_altar,
          grunt_qazlal_clouds, uniq_sigmund
D:3:      serial_undead, serial_undead_c, serial_undead_f, serial_undead_e,
          serial_undead_e, serial_undead_c, serial_undead_c,
          portal_sewer_entry_f, grunt_decor_one_mirror,
          minmay_item_behind_shaft, minmay_randomly_rotated_circles,
          uniq_grinder, uniq_ijyb
D:4:      lemuel_doored_altar, nemelex_altar_shiori, grunt_dithmenos_shadows,
          vehumet_crystals, first_ration
D:5:      gammafunk_temple_of_torment, temple_pool_b, dk_noncrumbling_3,
          chequers_big_river, hex_tiny, makhleb_blood_cavern_becter
D:6:      lemuel_crystal_altar, tgw_xom, basic_altar, columned_hall_lemuel
D:7:      uniq_joseph
D:8:      nicolae_overflow_crystal_walls, fedhas_altar_4, grunt_ministairs_8,
          minmay_misc_feat_cross
D:9:      kennysheep_mini_moat, hangedman_little_slice_of_home,
          minmay_misc_feat_plants, nicolae_ru_sacrificial_ziggurat
D:10:     david_lair_shrubbed, minivault_23, minivault_19, stair_cage_line
D:11:     david_orc_2
D:12:     serial_shops, shop, minivault_4, uniq_kirke, uniq_fannar
D:13:     david_vaults_5, uniq_frances
Sewer:    sewer_minmay_treatment

Skill      XL: |  1  2  3  4  5  6  7  8  9 10 |
---------------+-------------------------------+-----
Ice Magic      | 4 5 6 7 8 10 | 10.0
Conjurations   | 4 7 8 10 | 10.0
Spellcasting   | 6 8 |  8.5
Fighting       | 1 2 |  2.4
Staves         | 1 4 |  4.0
Evocations     | 8 |  8.9
Dodging        | |  2.4
Stealth        | |  2.4

Action                   |  1- 3 |  4- 6 |  7- 9 | 10-12 || total
-------------------------+-------+-------+-------+-------++-------
Melee: Unarmed           |    59 |     1 |       |       ||    60
       Spear             |       |    87 |    43 |       ||   130
       Peck              |       |       |     7 |     3 ||    10
       Staff             |       |       |    18 |    47 ||    65
Throw: Stone             |       |       |       |     1 ||     1
 Cast: Freeze            |    55 |   144 |   132 |     5 ||   336
       Ozocubu's Armour  |     1 |     2 |     5 |       ||     8
       Throw Icicle      |       |     2 |    93 |   117 ||   212
       Summon Ice Beast  |       |       |     2 |     2 ||     4
  Use: Potion            |       |     5 |     8 |       ||    13
 Stab: Sleeping          |       |     2 |       |       ||     2
  Eat: Chunk             |     1 |     8 |    21 |     9 ||    39
       Ration            |       |       |     1 |     1 ||     2
Armor: Robe              |     5 |    12 |       |       ||    17
       Skin              |       |    10 |    13 |       ||    23
       Leather armour    |       |    58 |    74 |    59 ||   191
Dodge: Dodged            |    36 |   146 |   184 |    59 ||   425

Table legend:
 A = Spawn XP
 B = Non-spawn XP
 C = Spawn XP percentage of total XP
 D = Spawn monster count
 E = Non-spawn monster count
 F = Spawn count percentage of total count
 G = Total turns spent on level
                    A         B        C        D         E        F      G
               +---------+---------+-------+---------+---------+-------+---------
         Total |       0 |   11019 |   0.0 |       0 |     330 |   0.0 | 11485
               +---------+---------+-------+---------+---------+-------+---------
           D:1 |       0 |      80 |   0.0 |       0 |      35 |   0.0 |  1394
           D:2 |       0 |     319 |   0.0 |       0 |      24 |   0.0 |   773
           D:3 |       0 |     832 |   0.0 |       0 |      42 |   0.0 |  1376
           D:4 |       0 |     359 |   0.0 |       0 |      21 |   0.0 |   913
           D:5 |       0 |     899 |   0.0 |       0 |      24 |   0.0 |  1013
           D:6 |       0 |     627 |   0.0 |       0 |      31 |   0.0 |   902
           D:7 |       0 |    1368 |   0.0 |       0 |      29 |   0.0 |  1083
           D:8 |       0 |     826 |   0.0 |       0 |      15 |   0.0 |   941
           D:9 |       0 |    1139 |   0.0 |       0 |      24 |   0.0 |   820
          D:10 |       0 |    2614 |   0.0 |       0 |      25 |   0.0 |   945
          D:12 |       0 |    1038 |   0.0 |       0 |       8 |   0.0 |   135
          D:13 |       0 |     573 |   0.0 |       0 |       4 |   0.0 |   194
         Sewer |       0 |     345 |   0.0 |       0 |      48 |   0.0 |   948
               +---------+---------+-------+---------+---------+-------+---------
